 Dungeon Crawl Stone Soup version 0.29.1-1-gd02db6906a (webtiles) character file.

Game seed: 7555940433185748527

37 Sabo the Gusty (level 3, -2/19 HPs)
             Began as a Deep Elf Air Elementalist on Oct 7, 2022.
             Slain by Crazy Yiuf
             ... wielding a +4 quarterstaff of chaos
              (5 damage)
             ... on level 2 of the Dungeon.
             The game lasted 00:11:20 (2130 turns).

Sabo the Gusty (Deep Elf Air Elementalist)          Turns: 2130, Time: 00:11:22

Health: -2/19      AC:  2    Str:  5    XL:     3   Next: 23%
Magic:  6/10       EV: 13    Int: 21    God:
Gold:   87         SH:  0    Dex: 15    Spells: 8/9 levels left

rFire   . . .      SeeInvis .   f - +0 hand axe
rCold   . . .      Faith    .   (no shield)
rNeg    . . .      Spirit   .   a - +0 robe
rPois   +          Reflect  .   (no helmet)
rElec   .          Harm     .   (no cloak)
rCorr   .          Rampage  .   (no gloves)
Will    .....                   (no boots)
Stlth   ++........              o - amulet of the acrobat
HPRegen 0.06/turn               j - ring of poison resistance
MPRegen 0.12/turn               n - ring of wizardry

@: no status effects
A: no striking features
a: no special abilities


You were on level 2 of the Dungeon.
You visited 1 branch of the dungeon, and saw 2 of its levels.

You collected 87 gold pieces.

Inventory:

Hand Weapons
 f - a +0 hand axe (weapon)
Missiles
 e - 5 poisoned darts (quivered)
Armour
 a - a +0 robe (worn)
Jewellery
 j - a ring of poison resistance (left hand)
 n - a ring of wizardry (right hand)
 o - an amulet of the acrobat (around neck)
Scrolls
 c - a scroll of enchant weapon {unknown}
 d - 4 scrolls of identify {unknown}
 g - a scroll of poison {unknown}
 h - a scroll of amnesia {unknown}
 i - a scroll of noise {unknown}
 k - a scroll of blinking {unknown}
 m - a scroll of immolation {unknown}
Potions
 b - 2 potions of magic
 l - 2 potions of brilliance {unknown}


   Skills:
 + Level 2.8 Dodging
 + Level 2.4 Stealth
 + Level 3.5 Spellcasting
 + Level 1.5 Conjurations
 + Level 3.7 Air Magic


You had 8 spell levels left.
You knew the following spells:

 Your Spells              Type           Power      Damage    Failure   Level
a - Shock                 Conj/Air       56%        1d6       1%          1

Your spell library contained the following spells:

 Spells                   Type           Power      Damage    Failure   Level
 Static Discharge         Conj/Air       14%        3-5/arc   2%          2
 Swiftness                Air            19%        N/A       3%          3
 Airstrike                Air            9%         2d(2-18)  11%         4


Dungeon Overview and Level Annotations

Branches:
Dungeon (2/15)

Altars:

Annotations:
D:2 Crazy Yiuf


Message History

The zap hits the rat.
You kill the rat!
You start resting.
Magic restored.
You now have 87 gold pieces (gained 10).
Found a scroll labelled UCRYAG NOGHAVUA.
d - 4 scrolls labelled UCRYAG NOGHAVUA (gained 1) Crazy Yiuf shouts!
Crazy Yiuf cries, "Key!"
Crazy Yiuf says, "Race sing ena!"
You open the door.
Crazy Yiuf says, "Shower senile head!"
Casting: Shock (safe; 1% risk of failure)
Confirm with . or Enter, or press ? or * to list all spells.
Aiming: Shock (safe; 1% risk of failure)
Press: ? - help, Shift-Dir - straight line, f - Crazy Yiuf
Aim: Crazy Yiuf, wielding a +4 quarterstaff of chaos and wearing a +0 cloak (75% to hit)
The zap hits Crazy Yiuf.
Crazy Yiuf is lightly wounded.
Crazy Yiuf hits you with a +4 quarterstaff of chaos!
Ouch! That really hurt!
* * * LOW HITPOINT WARNING * * *
You feel your power leaking away.
Casting: Shock (safe; 1% risk of failure)
Confirm with . or Enter, or press ? or * to list all spells.
Aiming: Shock (safe; 1% risk of failure)
Press: ? - help, Shift-Dir - straight line, f/p - Crazy Yiuf
Aim: Crazy Yiuf, wielding a +4 quarterstaff of chaos and wearing a +0 cloak (lightly wounded, 75% to hit)
The zap hits Crazy Yiuf.
Crazy Yiuf is moderately wounded.
Crazy Yiuf closely misses you.
Casting: Shock (safe; 1% risk of failure)
Confirm with . or Enter, or press ? or * to list all spells.
Aiming: Shock (safe; 1% risk of failure)
Press: ? - help, Shift-Dir - straight line, f/p - Crazy Yiuf
Aim: Crazy Yiuf, wielding a +4 quarterstaff of chaos and wearing a +0 cloak (moderately wounded, 75% to hit)
The zap misses Crazy Yiuf.
Crazy Yiuf says, "Crazy?
Crazy!?
PORCUPINE!"
Crazy Yiuf hits you with a +4 quarterstaff of chaos.
You die...

.....# #.># ##.#.# #.##
##.#.# #.# ...#.# ###
####.### .......#
.....#.##### ### ###
.##.>...#..## ###..)#
#.##
....##......####@g...#
##.#######
...###.......#..##...#
##.......
.#.###.##...#.### ###
##.####.
.......######## #.####.
##.##### ##...... #...#
### ### ##.####.. #...#
#.#### ###.###..####..
#...#
#....###........##....
#...#####
##....#.#........##.#.#


You could see Crazy Yiuf.

Vanquished Creatures
  3 ball pythons (D:1)
  3 bats (D:1)
  7 endoplasms
  A giant cockroach (D:2)
  2 goblins
  2 hobgoblins
  2 jackals (D:2)
  3 quokkas
  A frilled lizard (D:2)
  4 kobolds
  4 rats
32 creatures vanquished.

Notes
Turn   | Place    | Note
-------+----------+-------------------------------------------
     0 | D:1      | Sabo the Deep Elf Air Elementalist began the quest for the
                  | Orb.
     0 | D:1      | Reached XP level 1. HP: 10/10 MP: 6/6
   307 | D:1      | Reached XP level 2. HP: 15/15 MP: 6/8
  1345 | D:2      | Reached XP level 3. HP: 19/19 MP: 6/9
  1743 | D:2      | Found a runed translucent door.
  2124 | D:2      | Noticed Crazy Yiuf
  2130 | D:2      | Slain by Crazy Yiuf

Illustrated notes

Levels and vault maps discovered:
D:1:      mrwooster_arrival_statue_3, layout_loops_ring
D:2:      layout_loops_cross, uniq_crazy_yiuf_cottage

Action                   || total
-------------------------++-------
Melee: Hand axe          ||    10
       Unarmed           ||     1
 Cast: Shock             ||    58
Armor: Robe              ||     1
Dodge: Dodged            ||    11
